 Dungeon Crawl Stone Soup version 0.27-a0-1196-g3e9cee4cb2 (webtiles) character file.

Game seed: 2838171543360438771

91 Glokmah the Skirmisher (level 4, -8/38 HPs)
             Began as a Barachi Fighter on May 28, 2021.
             Killed by nerve-wracking pain
             ... invoked by Grinder
              (13 damage)
             ... on level 3 of the Dungeon.
             The game lasted 00:04:36 (2132 turns).

Glokmah the Skirmisher (Barachi Fighter)            Turns: 2132, Time: 00:04:36

Health: -8/38      AC:  8    Str: 18    XL:     4   Next: 57%
Magic:  4/4        EV:  7    Int:  8    God:
Gold:   108        SH:  9    Dex: 12    Spells: 3/3 levels left

rFire    . . .     SeeInvis .   a - +0 long sword
rCold    . . .     Faith    .   c - +0 kite shield
rNeg     . . .     Spirit   .   b - +0 scale mail
rPois    .         Reflect  .   (no helmet)
rElec    .         Harm     .   (no cloak)
rCorr    +         Rampage  .   q - +0 pair of gloves
Will     .....                  (no boots)
Stlth    ..........             (no amulet)
HPRegen  0.12/turn              i - ring of resist corrosion
MPRegen  0.09/turn              (no ring)

@: unable to hop, slow
A: amphibious, slowness 1, strong legs 1, +LOS
a: Hop


You were on level 3 of the Dungeon.
You visited 1 branch of the dungeon, and saw 3 of its levels.

You collected 108 gold pieces.

Inventory:

Hand Weapons
 a - a +0 long sword (weapon)
Missiles
 j - 8 boomerangs
 p - 14 poisoned darts
Armour
 b - a +0 scale mail (worn)
 c - a +0 kite shield (worn)
 q - a +0 pair of gloves (worn)
Jewellery
 e - an amulet of faith
 i - a ring of resist corrosion (left hand)
Scrolls
 g - a scroll of acquirement {unknown}
 k - a scroll of amnesia {unknown}
 l - 2 scrolls of identify {unknown}
 m - a scroll of brand weapon {unknown}
 n - a scroll of blinking {unknown}
 o - 2 scrolls of teleportation {unknown}
Potions
 d - a potion of might
 f - 2 potions of heal wounds {unknown}
 h - 2 potions of curing {unknown}


   Skills:
 + Level 4.3 Fighting
 * Level 4.0 Long Blades
 - Level 3.6 Armour
 + Level 1.4 Dodging
 + Level 3.9 Shields


You had 3 spell levels left.
You didn't know any spells.
Your spell library was empty.

Dungeon Overview and Level Annotations

Branches:
Dungeon (3/15)

Altars:

Annotations:
D:3 Grinder


Innate Abilities, Weirdness & Mutations

You are amphibious.
You cover ground slowly.
You can hop short distances.
You have an extended range of vision and can be seen from far away.


Message History

You suddenly lose the ability to move!
Grinder hits you.
You writhe in agony.
Grinder completely misses you. Grinder gestures at you.
You resist with significant effort. Grinder hits you.
You writhe in agony.
You can move again.
You barely miss Grinder. You block Grinder's attack. Grinder gestures at you.
You resist with significant effort.
You barely miss Grinder. Grinder closely misses you.
You closely miss Grinder. You block Grinder's attack.
Grinder barely misses you.
You riposte.
You closely miss Grinder. You hit Grinder.
Grinder is lightly wounded.
Grinder hits you!
You writhe in agony.
Hop to where?
Press: ? - help, Dir - move target Boing!
Grinder gestures at you.
You suddenly lose the ability to move!
Grinder gestures at you.
You barely resist. Grinder gestures at you. Pain shoots through your body!
Grinder blinks!
Grinder gestures at you. Pain shoots through your body!
* * * LOW HITPOINT WARNING * * *
You can move again.
Grinder says, "You look like you could use a good racking."
Grinder gestures at you.
You shrug off the repeated paralysis!
Okay, then.
Grinder gestures at you.
You barely resist. You open the door. Grinder gestures at you.
Pain shoots through your body!
You die...

#......# #...............
#......#########'##.......
#.............†..##.......
#...........<..####.......
#..............# #.......
#..............# #.......
#..............#.........#
#........>.....+ .......##
#.....###@###### ......###
#.....###.# #....#..
#.......5.# #....#.#
#.....##### #....#.#
#.....# ### ...#.. #.....#
..# #.#.# #.....# # #.#
#†..# #.....# #.###.#
#.... ####'##
.....####....


You could see Grinder.

Vanquished Creatures
  3 adders
  A worm (D:3)
  2 dart slugs (D:1)
  2 orcs
  6 ball pythons
  4 endoplasms
  A giant cockroach (D:3)
  5 goblins
  5 hobgoblins
  9 jackals
  4 kobolds
  2 quokkas (D:2)
  5 frilled lizards
  3 rats
52 creatures vanquished.

Notes
Turn   | Place    | Note
-------+----------+-------------------------------------------
     0 | D:1      | Glokmah the Barachi Fighter began the quest for the Orb.
     0 | D:1      | Reached XP level 1. HP: 18/18 MP: 1/1
   245 | D:1      | Reached XP level 2. HP: 25/25 MP: 2/2
  1008 | D:2      | Reached XP level 3. HP: 25/30 MP: 3/3
  1299 | D:2      | Reached skill level 1 in Dodging
  1374 | D:2      | Reached XP level 4. HP: 37/37 MP: 4/4
  2107 | D:3      | Noticed Grinder
  2110 | D:3      | Paralysed by Grinder for 5 turns
  2120 | D:3      | Paralysed by Grinder for 7 turns
  2132 | D:3      | Killed from afar by Grinder

Illustrated notes

Levels and vault maps discovered:
D:1:      lightli_arrival_windingriver, layout_loops_ring,
          minmay_split_cup_small
D:2:      layout_rooms, kennysheep_generic_room_11
D:3:      layout_basic, minmay_cut_off, uniq_grinder

Skill      XL: |  1  2  3  4 |
---------------+-------------+-----
Long Blades    | 3 4 |  4.0
Fighting       | 4 |  4.3
Dodging        | 1 |  1.4
Armour         | |  3.6
Shields        | |  3.9

Action                   |  1- 3 |  4- 6 || total
-------------------------+-------+-------++-------
Melee: Long sword        |   108 |    63 ||   171
 Abil: Hop               |       |     1 ||     1
Armor: Scale mail        |    39 |    38 ||    77
Dodge: Dodged            |    35 |    30 ||    65
Block: Kite shield       |    52 |    47 ||    99
       Rpst.: Long sword |    13 |     8 ||    21

Table legend: (Time is in decaauts)
 A = Elapsed time spent in this place.
 B = Non-inter-level travel time spent in this place.
 C = Inter-level travel time spent in this place.
 D = Time resting spent in this place.
 E = Time spent auto-exploring this place.
 F = Levels seen in this place.
 G = Mean time per level.
                   A        B        C        D        E       F      G
               +--------+--------+--------+--------+--------+-----+--------+
         Total |   2452 |   2316 |    136 |    211 |   1532 |   3 |  817.3 |
       Dungeon |   2452 |   2316 |    136 |    211 |   1532 |   3 |  817.3 |
               +--------+--------+--------+--------+--------+-----+--------+

Top non-repeatable levels by time:
     D:1: 1147 daAuts
     D:2: 847 daAuts
     D:3: 457 daAuts
